 Dungeon Crawl Stone Soup version 0.17-a0-2055-gb4e23be (webtiles) character file.

3519 tp1 the Infuser (level 9, -9/52 HPs)
             Began as a Deep Elf Conjurer on Oct 11, 2015.
             Was a Follower of Vehumet.
             Mangled by a komodo dragon (30 damage)
             ... on level 8 of the Dungeon.
             The game lasted 00:59:20 (8778 turns).

tp1 the Infuser (Deep Elf Conjurer)                 Turns: 8778, Time: 00:59:20

Health: -9/52      AC:  3    Str:  7    XL:     9   Next: 81%
Magic:  11/24      EV: 13    Int: 22    God:    Vehumet [*.....]
Gold:   458        SH:  0    Dex: 15    Spells: 4 memorised, 17 levels left

rFire  . . .     SeeInvis .     (no weapon)
rCold  . . .     Clarity  .     d - +0 robe (curse)
rNeg   + . .     SustAt   .     (no shield)
rPois  .         Gourm    .     H - +0 helmet
rElec  .         Spirit   .     (no cloak)
rCorr  .         Warding  .     (no gloves)
rMut   .         Stasis   .     (no boots)
MR     .....                    f - amulet of inaccuracy (curse)
Stlth  ++........               J - ring of positive energy
                                G - ring of flight

@: not resistant to hostile enchantments, unstealthy
A: no striking features
a: Renounce Religion, Evoke Flight


You were on level 8 of the Dungeon.
You worshipped Vehumet.
Vehumet was aware of your devotion.
You were not hungry.

You visited 2 branches of the dungeon, and saw 9 of its levels.

You collected 458 gold pieces.

Inventory:

Armour
 a - a +0 robe
 d - a cursed +0 robe (worn)
 w - a +0 leather armour
 H - a +0 helmet (worn)
 L - a +0 leather armour
 M - a +0 robe
 N - a +0 robe
Jewellery
 f - a cursed amulet of inaccuracy (around neck)
 G - a ring of flight (left hand)
 J - a ring of positive energy (right hand)
Wands
 B - a wand of magic darts (32)
Scrolls
 e - 2 scrolls of enchant weapon
 h - 3 scrolls of magic mapping
 j - a scroll of blinking {unknown}
 n - 3 scrolls of enchant armour {unknown}
 o - 3 scrolls of teleportation
 p - 2 scrolls of remove curse {unknown}
 q - a scroll of recharging {unknown}
 r - 2 scrolls of fog {unknown}
 E - a scroll of random uselessness {unknown}
 F - a scroll of amnesia {unknown}
Potions
 g - 2 potions of resistance
 i - 3 potions of heal wounds
 k - a potion of brilliance
 m - 2 potions of haste
 t - 2 potions of cancellation
 v - 3 potions of might {unknown}
 x - 2 potions of ambrosia {unknown}
 z - 2 potions of curing {unknown}
 A - a potion of agility {unknown}
 C - a potion of degeneration {unknown}
 D - a potion of invisibility {unknown}
Books
 b - a book of Conjurations

   Spells                             Type                      Level
   a - Magic Dart                     Conjuration                  1
   b - Searing Ray                    Conjuration                  2
   c - Dazzling Spray                 Conjuration/Hexes            3
   d - Fulminant Prism                Conjuration/Hexes            4
   e - Iskenderun's Mystic Blast      Conjuration                  4
   f - Iskenderun's Battlesphere      Conjuration/Charms           5
 s - a book of Debilitation

   Spells                             Type                      Level
   a - Corona                         Hexes                        1
   b - Slow                           Hexes                        2
   c - Gell's Gravitas                Hexes/Translocation          3
   d - Inner Flame                    Hexes/Fire                   3
   e - Cause Fear                     Hexes                        4
   f - Leda's Liquefaction            Hexes/Earth                  4
 y - a book of Geomancy

   Spells                             Type                      Level
   a - Sandblast                      Earth                        1
   b - Stoneskin                      Transmutation/Earth          2
   c - Passwall                       Transmutation/Earth          3
   d - Stone Arrow                    Conjuration/Earth            3
   e - Petrify                        Transmutation/Earth          4
   f - Lee's Rapid Deconstruction     Earth                        5
 I - a book of Maledictions

   Spells                             Type                      Level
   a - Corona                         Hexes                        1
   b - Ensorcelled Hibernation        Hexes/Ice                    2
   c - Confuse                        Hexes                        3
   d - Tukima's Dance                 Hexes                        3
   e - Dazzling Spray                 Conjuration/Hexes            3
 K - a book of the Sky

   Spells                             Type                      Level
   a - Summon Lightning Spire         Summoning/Air                4
   b - Airstrike                      Air                          4
   c - Silence                        Hexes/Air                    5
   d - Deflect Missiles               Charms/Air                   6
   e - Conjure Ball Lightning         Conjuration/Air              6
   f - Tornado                        Air                          9
Comestibles
 c - a bread ration
 l - 2 slices of pizza
 u - a meat ration
 O - 4 chunks of flesh


   Skills:
 + Level 3.8 Fighting
 - Level 2.4 Dodging
 - Level 2.4 Stealth
 + Level 9.5 Spellcasting
 * Level 9.8 Conjurations
 + Level 9.9 Charms
 * Level 3.5 Fire Magic


You had 17 spell levels left.
You knew the following spells:

 Your Spells              Type           Power        Failure   Level  Hunger
a - Magic Dart            Conj           ####         1%          1    None
b - Dazzling Spray        Conj/Hex       ####....     2%          3    None
c - Iskenderun's Battles  Conj/Chrm      ######..     3%          5    ####...
d - Flame Tongue          Conj/Fire      #####        1%          1    None


Dungeon Overview and Level Annotations

Branches:
Dungeon (8/15)             Temple (1/1) D:6            Lair (0/8) D:8

Altars:
Ashenzari
Cheibriados
Dithmenos
Elyvilon
Gozag
Kikubaaqudgha
Makhleb
Nemelex Xobeh
Okawaru
Qazlal
Ru
Sif Muna
Trog
Vehumet
Xom
Yredelemnul
Zin
The Shining One

Annotations:
D:3 Ijustatesigmund's ghost, amateur OpTm


Message History

The komodo dragon is severely wounded.
Your battlesphere fires!
The barrage of energy hits the komodo dragon.
The komodo dragon is severely wounded.
The komodo dragon bites you!!
Casting: Magic Dart
Confirm with . or Enter, or press ? or * to list all spells.
Aiming: Magic Dart
Press: ? - help, Shift-Dir - straight line, f/p - komodo dragon
Aim: a komodo dragon (severely wounded)
The magic dart hits the komodo dragon.
The komodo dragon is severely wounded.
The orc shouts! x2
Your battlesphere fires!
The barrage of energy hits the komodo dragon.
The komodo dragon is almost dead.
Your battlesphere expends the last of its energy and dissipates.
The komodo dragon bites you!!
Ouch! That really hurt!
You die...

#. #.#########
#.........$
#..........
#..........
#§.........
#."........
#..@.......
######.lo......
............#+#
.######..##.#
#..# .. #..# .#
#..# $
#.######oo##.#.#
#....>.≈.......#


You could see a komodo dragon, an orc wizard and 2 orcs.

Vanquished Creatures
  6 yaks (D:7)
  Menkaure (D:7)
  A water moccasin (D:7)
  2 phantoms
  2 sky beasts
  A centaur (D:6)
  An orc warrior (D:7)
  4 ogres
  A giant frog (D:6)
  2 crocodiles
  Blork the orc (D:4)
  A wyvern zombie (D:7)
  A gnoll sergeant (D:5)
  A scorpion (D:5)
  3 wights (D:7)
  4 crimson imps
  2 giant frog zombies
  3 hounds (D:7)
  5 orc wizards
  3 orc priests
  A centaur skeleton (D:4)
  Terence (D:2)
  Natasha (thrice) (D:4)
  4 worker ants
  A hound zombie (D:5)
  11 adders
  2 worker ant zombies
  5 gnolls (D:5)
  An ooze (D:6)
  2 adder skeletons (D:4)
  3 worms
  8 giant geckos
  20 orcs
  9 giant cockroaches
  3 goblins
  4 hobgoblins
  11 jackals
  6 kobolds
  3 quokkas
  A ball python (D:7)
  4 bats (D:3)
  A giant gecko skeleton (D:4)
  10 giant newts
  A quokka skeleton (D:6)
  4 rats
164 creatures vanquished.

Notes
Turn   | Place    | Note
--------------------------------------------------------------
     0 | D:1      | tp1 the Deep Elf Conjurer began the quest for the Orb.
     0 | D:1      | Reached XP level 1. HP: 10/10 MP: 6/6
   270 | D:1      | Reached XP level 2. HP: 15/15 MP: 5/8
  1560 | D:2      | Reached XP level 3. HP: 19/19 MP: 7/11
  1595 | D:2      | Reached skill level 5 in Spellcasting
  1916 | D:2      | Reached XP level 4. HP: 24/24 MP: 8/13
  2423 | D:3      | Reached skill level 6 in Spellcasting
  2475 | D:3      | Noticed Terence
  2543 | D:2      | Killed Terence
  2646 | D:3      | Noticed Ijustatesigmund's ghost (amateur OpTm)
  3024 | D:3      | Reached skill level 7 in Spellcasting
  3024 | D:3      | Reached XP level 5. HP: 28/28 MP: 11/16
  3029 | D:3      | Learned a level 3 spell: Dazzling Spray
  3035 | D:3      | Learned a level 5 spell: Iskenderun's Battlesphere
  3205 | D:4      | Noticed a phantom
  3223 | D:4      | Killed a phantom
  3530 | D:4      | Reached XP level 6. HP: 32/32 MP: 11/18
  3563 | D:4      | Noticed Blork the orc
  3739 | D:4      | Noticed an ogre
  3772 | D:4      | Noticed Natasha
  3784 | D:4      | Killed Natasha
  3784 | D:4      | Reached skill level 5 in Charms
  3812 | D:4      | Reached skill level 5 in Conjurations
  3856 | D:4      | Noticed Natasha
  3863 | D:4      | Killed Natasha
  3869 | D:4      | Noticed Natasha
  3871 | D:4      | Killed Natasha
  3984 | D:5      | Entered Level 5 of the Dungeon
  4184 | D:4      | Killed Blork the orc
  4184 | D:4      | Reached XP level 7. HP: 30/36 MP: 0/19
  4341 | D:4      | Killed an ogre
  5484 | D:5      | Reached skill level 1 in Fighting
  5784 | D:5      | Reached XP level 8. HP: 43/43 MP: 8/21
  6093 | D:6      | Found a staircase to the Ecumenical Temple.
  6110 | Temple   | Entered the Ecumenical Temple
  6203 | Temple   | Became a worshipper of Vehumet
  6619 | D:6      | Reached skill level 8 in Charms
  6801 | D:6      | Found a stormy altar of Qazlal.
  7403 | D:7      | Reached XP level 9. HP: 22/49 MP: 4/23
  7411 | D:7      | Reached skill level 9 in Charms
  7552 | D:7      | Noticed Menkaure
  7560 | D:7      | Killed Menkaure
  7908 | D:7      | Acquired Vehumet's first power
  7908 | D:7      | Offered knowledge of Flame Tongue by Vehumet.
  7911 | D:7      | Learned a level 1 spell: Flame Tongue
  7996 | D:7      | Reached skill level 1 in Fire Magic
  8756 | D:8      | Found a staircase to the Lair.
  8756 | D:8      | Noticed a komodo dragon
  8778 | D:8      | Mangled by a komodo dragon

Vault maps used:
D:1:      minmay_arrival_arboretum_small, minivault_24, dk_noncrumbling_4
D:2:      first_bread
D:3:      uniq_terence
D:4:      uniq_blork_the_orc, uniq_natasha
D:6:      minmay_temple_entry_nine_rooms, nicolae_qazlal_style_of_elements
D:7:      fedhas_altar_decomposition, uniq_menkaure
D:8:      dpeg_lair_monsters, serial_shops, shop, uniq_erolcha
Temple:   kilobyte_greek_temple_18

Action                   |  1- 3 |  4- 6 |  7- 9 || total
-------------------------+-------+-------+-------++-------
Melee: Unarmed           |       |       |     5 ||     5
 Cast: Magic Dart        |    74 |   145 |   242 ||   461
       Iskenderun's Batt |       |     3 |    36 ||    39
       Dazzling Spray    |       |       |     7 ||     7
  Use: Scroll            |       |       |     8 ||     8
  Eat: Chunk             |     3 |     6 |    14 ||    23
       Bread ration      |       |       |     1 ||     1
       Fruit             |       |       |     2 ||     2
       Meat ration       |       |       |     1 ||     1
